 Dungeon Crawl Stone Soup version 0.27.1-1-g398f81649c (webtiles) character file.

Game seed: 9964016805757671784

9995 speeev33 the Cleaver (level 11, -2/101 HPs)
             Began as a Hill Orc Fighter on Sept 7, 2021.
             Was a High Priest of Okawaru.
             Killed from afar by a catoblepas (6 damage)
             ... with a blast of calcifying dust
             ... on level 9 of the Dungeon on Sept 10, 2021.
             The game lasted 00:20:19 (13709 turns).

speeev33 the Cleaver (Hill Orc Fighter)            Turns: 13709, Time: 00:20:20

Health: -2/101     AC: 20    Str: 23    XL:     11   Next: 55%
Magic:  12/14      EV:  4    Int:  8    God:    Okawaru [*****.]
Gold:   1686       SH: 17    Dex: 10    Spells: 10/10 levels left

rFire    . . .     SeeInvis .   u - +4 war axe
rCold    . . .     Faith    .   b - +0 tower shield
rNeg     . . .     Spirit   .   G - +0 plate armour
rPois    .         Reflect  .   (no helmet)
rElec    .         Harm     .   v - +0 cloak
rCorr    .         Rampage  .   p - +2 pair of gloves
Will     .....                  r - +0 pair of boots
Stlth    ..........             (no amulet)
HPRegen  0.26/turn              (no ring)
MPRegen  0.14/turn              (no ring)

@: about to teleport
A: no striking features
a: Renounce Religion, Heroism, Finesse


You were on level 9 of the Dungeon.
You worshipped Okawaru.
Okawaru was extremely pleased with you.
You visited 2 branches of the dungeon, and saw 11 of its levels.

You collected 1686 gold pieces.

Inventory:

Hand Weapons
 m - a +0 flail
 u - a +4 war axe (weapon)
 x - a +0 broad axe
Missiles
 f - 10 atropa-tipped darts (quivered)
 y - a throwing net
Armour
 b - a +0 tower shield (worn)
 p - a +2 pair of gloves (worn)
 r - a +0 pair of boots (worn)
 v - a +0 cloak (worn)
 G - a +0 plate armour (worn)
Wands
 i - a wand of acid (1)
 j - a wand of paralysis (11)
 n - a wand of iceblast (15)
 q - a wand of digging (5)
 w - a wand of mindburst (19)
 E - a wand of flame (25)
Scrolls
 h - 6 scrolls of teleportation
 l - a scroll of enchant armour
 s - a scroll of vulnerability {unknown}
 B - a scroll of magic mapping
 C - 2 scrolls of fog
 F - a scroll of enchant weapon
 H - 2 scrolls of noise
Potions
 a - 4 potions of ambrosia
 d - 2 potions of mutation
 e - a potion of lignification
 g - a potion of haste
 k - a potion of resistance
 o - 2 potions of degeneration
 t - 2 potions of might
 z - a potion of flight
 A - 2 potions of attraction
 I - a potion of curing
 J - a potion of brilliance {unknown}
Miscellaneous
 c - a condenser vane (inert)


   Skills:
 + Level 10.9 Fighting
 + Level 11.5 Axes
 - Level 10.1 Armour
 + Level 10.1 Shields
 - Level 5.0 Invocations
 + Level 0.0 Evocations


You had 10 spell levels left.
You didn't know any spells.
Your spell library contained the following spells:

 Spells                   Type           Power      Damage    Failure   Level
 Slow                     Hex            0%         N/A       100%        2
 Confusing Touch          Hex            0%         N/A       100%        3
 Vampiric Draining        Necr           0%         2d6       100%        3
 Fulminant Prism          Conj/Hex       0%         3d6       100%        4
 Iskenderun's Mystic Bla  Conj/Tloc      0%         2d3       100%        4
 Borgnjor's Vile Clutch   Necr/Erth      0%         N/A       100%        5
 Lee's Rapid Deconstruct  Erth           0%         3d5*      100%        5
 Summon Forest            Summ/Tloc      0%         N/A       100%        5
 Necromutation            Tmut/Necr      0%         N/A       100%        8


Dungeon Overview and Level Annotations

Branches:
Dungeon (10/15)            Temple (1/1) D:4
   Lair: D:8-11         Orc: D:9-12

Altars:
Elyvilon
Fedhas
Gozag
Hepliaklqana
Kikubaaqudgha
Makhleb
Nemelex Xobeh
Okawaru
Qazlal
Ru
Uskayaw
Vehumet
Wu Jian
Zin

Shops:
D:2 ?   D:3 [


Message History

The catoblepas gores you!
* * * LOW HITPOINT WARNING * * *
You turn to flesh and can move again.
You feel much better. You block the catoblepas's attack.
There is an open door here.
The catoblepas breathes a plume of calcifying dust at you.
The blast of calcifying dust hits you.
* * * LOW HITPOINT WARNING * * *
There is an escape hatch in the ceiling here.
The catoblepas gores you!!
* * * LOW HITPOINT WARNING * * *
A mysterious force pulls you upwards. The hatch slams shut behind you.
Cleave: u) +4 war axe
Press: ? - help, Dir - move target, f - catoblepas
Aim: a catoblepas (about 9% to evade your +4 war axe)
Okay, then.
Aiming: Mindburst
Press: ? - help, Shift-Dir - straight line, f - catoblepas
Aim: a catoblepas (chance to affect: 7%)
Okay, then.
That's the wrong kind of item! (Use * to select it.) Evoke which item? (* to show all) (? for menu, Esc to quit)
Huh?
Evoke which item? (* to show all) (? for menu, Esc to quit)
Okay, then.
Unknown command.
Aiming: Paralyse
Press: ? - help, Shift-Dir - straight line, f - catoblepas
Aim: a catoblepas (chance to affect: 1%)
Okay, then.
Aiming: Corrosive Bolt
Press: ? - help, Shift-Dir - straight line, f - catoblepas
Aim: a catoblepas (100% to hit)
Okay, then.
Unknown command.
As you read the scroll of teleportation, it crumbles to dust.
You feel strangely unstable.
The catoblepas breathes a plume of calcifying dust at you.
The blast of calcifying dust hits you.
You die...

#.........#####......#
#.........#####......#
######...............######
.....................#
#######......b.......#
#..............#
#.....b........#
#..............#
#.........@....#
#......>.Y.....#
#######..............######
)..............}..........#
#...[.......#####..########
#...........# #..#
#...........#####..###
#...........##.......##
#...........#.###'###.##


You could see a catoblepas.

Vanquished Creatures
  Harold (D:7)
  A two-headed ogre (D:9)
  3 ugly things
  A cyclops (D:9)
  Psyche (D:8)
  Maggie (D:7)
  A kobold demonologist (D:9)
  2 wraiths (D:9)
  2 wyverns
  9 yaks
  A shadow (D:10)
  A vampire (D:9)
  Grum (D:8)
  Menkaure (D:7)
  An acid dragon (D:8)
  A water moccasin (D:8)
  A sky beast (D:6)
  An ice beast (D:7)
  A black bear (D:5)
  6 orc warriors
  3 ogres (D:6)
  4 centaurs
  3 wolves (D:8)
  The ghost of ZARRMARR the Conjurer, an amateur OpCj (D:3)
  2 kobold brigands
  A gnoll sergeant (D:7)
  5 bullfrogs
  A scorpion (D:5)
  A wyvern skeleton (D:7)
  2 water moccasin skeletons
  A killer bee (D:9)
  5 wights
  2 howler monkeys
  4 centaur zombies
  3 hounds
  A bullfrog zombie (D:7)
  Crazy Yiuf (D:6)
  A jelly (D:5)
  2 gnoll shamans (D:7)
  2 orc priests
  3 iguanas (D:5)
  3 orc wizards
  A killer bee zombie (D:7)
  3 howler monkey zombies
  19 gnolls
  12 adders
  A shadow imp (D:6)
  A white imp (D:5)
  2 ufetubi (D:6)
  A worm (D:4)
  2 dart slugs (D:4)
  15 orcs
  6 ball pythons
  4 bats
  8 endoplasms
  4 giant cockroaches
  8 goblins
  8 hobgoblins
  2 quokkas (D:2)
  3 frilled lizards
  11 kobolds
  A quokka skeleton (D:4)
  3 rats
203 creatures vanquished.

Vanquished Creatures (others)
  7 plants
7 creatures vanquished.

Grand Total: 210 creatures vanquished

Notes
Turn   | Place    | Note
-------+----------+-------------------------------------------
     0 | D:1      | speeev33 the Hill Orc Fighter began the quest for the Orb.
     0 | D:1      | Reached XP level 1. HP: 19/19 MP: 1/1
   652 | D:1      | Reached XP level 2. HP: 27/27 MP: 2/2
   773 | D:1      | Reached skill level 3 in Axes
   775 | D:1      | Found a faded altar of an unknown god.
  1182 | D:2      | Reached XP level 3. HP: 22/33 MP: 3/3
  1422 | D:2      | Found Zoyxocw's Magic Scroll Shoppe.
  2143 | D:3      | Reached XP level 4. HP: 35/40 MP: 4/4
  2482 | D:3      | Found Plog's Antique Armour Boutique.
  2613 | D:3      | Found a transporter.
  2635 | D:3      | Noticed ZARRMARR's ghost (amateur OpCj)
  2638 | D:3      | Found a transporter.
  2664 | D:3      | Killed ZARRMARR's ghost
  2665 | D:3      | Reached skill level 4 in Axes
  2665 | D:3      | Reached XP level 5. HP: 39/47 MP: 5/5
  3392 | D:4      | Found a staircase to the Ecumenical Temple.
  3413 | Temple   | Entered the Ecumenical Temple
  3442 | Temple   | Became a worshipper of Warmaster Okawaru
  3491 | D:4      | Reached skill level 5 in Fighting
  3524 | D:4      | Reached XP level 6. HP: 54/56 MP: 6/6
  3815 | D:5      | Entered Level 5 of the Dungeon
  4160 | D:4      | Reached skill level 5 in Axes
  4287 | D:5      | Reached skill level 5 in Shields
  4298 | D:5      | Reached skill level 5 in Armour
  4298 | D:5      | Reached XP level 7. HP: 24/61 MP: 7/7
  4942 | D:5      | Reached * piety under Okawaru
  5678 | D:6      | Reached skill level 6 in Axes
  5691 | D:6      | Reached XP level 8. HP: 63/71 MP: 8/8
  5901 | D:6      | Found a runed translucent door.
  5902 | D:6      | Noticed Crazy Yiuf
  6467 | D:6      | Reached ** piety under Okawaru
  6468 | D:6      | Reached skill level 7 in Axes
  7413 | D:6      | Paralysed by Crazy Yiuf for 4 turns
  7419 | D:6      | Killed Crazy Yiuf
  7849 | D:7      | Noticed a wyvern
  7867 | D:7      | Killed a wyvern
  7868 | D:7      | Reached XP level 9. HP: 22/79 MP: 6/9
  8223 | D:7      | Reached skill level 8 in Axes
  8396 | D:7      | Noticed Harold
  8408 | D:7      | Killed Harold
  8408 | D:7      | Reached *** piety under Okawaru
  9046 | D:7      | Noticed Maggie
  9062 | D:7      | Killed Maggie
  9062 | D:7      | Reached **** piety under Okawaru
  9063 | D:7      | Reached skill level 9 in Axes
  9244 | D:7      | Found a sparkling altar of Nemelex Xobeh.
  9271 | D:7      | Found a white marble altar of Elyvilon.
  9504 | D:7      | Noticed Menkaure
  9525 | D:7      | Killed Menkaure
  9526 | D:7      | Reached XP level 10. HP: 84/91 MP: 7/10
  9647 | D:8      | Noticed Grum
  9674 | D:8      | Killed Grum
  9679 | D:8      | HP: 4/91 [poisoned by a water moccasin]
 10036 | D:8      | Identified a scroll of acquirement
 10036 | D:8      | Acquired 915 gold pieces
 10440 | D:8      | Reached skill level 10 in Axes
 10644 | D:8      | Noticed Psyche
 10652 | D:8      | Killed Psyche
 10653 | D:8      | Reached skill level 1 in Invocations
 11341 | D:9      | Identified the +7 spear "Poteppak" {drain, rF+}
 11343 | D:9      | Got Fiste's Guide on Spatial Evil Rites
 11424 | D:9      | Noticed a kobold demonologist
 11424 | D:9      | Noticed a purple ugly thing
 11453 | D:9      | Killed a kobold demonologist
 11485 | D:9      | Noticed a red ugly thing
 11782 | D:9      | Killed a cyan ugly thing
 11783 | D:9      | Reached skill level 10 in Fighting
 11787 | D:9      | Killed a green ugly thing
 12069 | D:9      | Reached XP level 11. HP: 100/100 MP: 13/13
 12081 | D:9      | Reached ***** piety under Okawaru
 12810 | D:9      | Reached skill level 11 in Axes
 12863 | D:9      | Noticed a cyclops
 12865 | D:9      | Noticed a two-headed ogre
 12908 | D:9      | Killed a two-headed ogre
 12909 | D:9      | Reached skill level 5 in Invocations
 12951 | D:9      | Killed a cyclops
 13297 | D:10     | Entered Level 10 of the Dungeon
 13332 | D:10     | Reached skill level 10 in Shields
 13561 | D:10     | Noticed a brown ugly thing
 13593 | D:10     | Killed a brown ugly thing
 13594 | D:10     | Reached skill level 10 in Armour
 13666 | D:10     | Noticed a deep troll
 13670 | D:10     | Noticed a catoblepas
 13699 | D:10     | HP: 1/101 [catoblepas (8)]
 13707 | D:10     | HP: 3/101 [catoblepas (24)]
 13709 | D:9      | Killed from afar by a catoblepas

Illustrated notes

Levels and vault maps discovered:
D:1:      matt_arrival_diagonals, layout_basic, ebering_ecumenical_altar_mist
D:2:      layout_loops_cross, serial_shops, nicolae_shop_stone,
          chequers_decorated_corner
D:3:      layout_basic, gammafunk_ghost_arena, serial_shops, shop_coins
D:4:      cheibrodos_greedy_goblins, layout_rooms,
          minmay_temple_entry_gardened_gates, minmay_small_thing
D:5:      layout_loops_corners, minivault_14
D:6:      layout_layer_cave, grunt_ministairs_4, uniq_crazy_yiuf_cottage
D:7:      layout_basic, grunt_temple_overflow_open, minmay_misc_feat_rugged,
          uniq_harold, uniq_maggie, uniq_menkaure
D:8:      layout_gridville, uniq_psyche, uniq_grum
D:9:      minmay_bloctagon, layout_small_grid, hangedman_glass_garden
D:10:     cheibrodos_ideogram_h, layout_stronghold, minitemple,
          hangedman_decor_points, uniq_snorg
Temple:   compressed_dpeg_circular_temple

Skill      XL: |  1  2  3  4  5  6  7  8  9 10 11 |
---------------+----------------------------------+-----
Axes           | 3 4 5 6 7 9 10 11 | 11.5
Fighting       | 4 5 6 7 9 10 | 10.9
Shields        | 4 5 6 8 9 10 | 10.1
Armour         | 4 5 6 8 9 10 | 10.1
Invocations    | 3 5 |  5.0

Action                   |  1- 3 |  4- 6 |  7- 9 | 10-12 || total
-------------------------+-------+-------+-------+-------++-------
Melee: War axe           |    84 |   187 |   242 |   347 ||   860
Invok: Heroism           |       |       |     4 |     7 ||    11
       Finesse           |       |       |       |     2 ||     2
Evoke: Wand              |       |       |     1 |     9 ||    10
       Condenser vane    |       |       |       |     1 ||     1
  Use: Scroll            |     2 |     8 |     3 |    10 ||    23
       Potion            |       |     1 |     1 |     3 ||     5
Armor: Scale mail        |    56 |    84 |    74 |       ||   214
       Chain mail        |       |       |    22 |    81 ||   103
       Plate armour      |       |       |       |   108 ||   108
Dodge: Dodged            |    20 |    61 |    78 |    62 ||   221
Block: Kite shield       |    40 |   130 |   171 |   110 ||   451
       Tower shield      |       |       |       |   147 ||   147
